 Dungeon Sprint DCSS version 0.32-a0-673-g3729bd50f8 (webtiles) character file.

Game seed: 4642396728514436169

18347 nuthulu the Severer (level 12, -20/128 HPs)
             Began as a Demigod Fighter on Mar 10, 2024.
             Blown up by a lich (75 damage)
             ... with an orb of destruction
             ... in the Dungeon (Sprint V: "Ziggurat Sprint").
             The game lasted 00:05:45 (1319 turns).

nuthulu the Severer (Demigod Fighter)               Turns: 1319, Time: 00:05:46

Health: -20/128    AC: 31    Str: 36    XL:     12   Next: 1%
Magic:  15/15      EV:  4    Int: 18    God:
Gold:   0          SH: 34    Dex: 16    Spells: 11/11 levels left

rFire   + . .        B - +16 obsidian axe {drain, demonic, Mesm ^Drain Fly SInv}
rCold   . . .        D - +18 shield of the Gong {Loud rN+ Will+ rCorr EV-5}
rNeg    + + .        C - +15 Maxwell's patent armour {-Cast -Tele rElec Will+ rCorr}
rPois   .            R - +3 crown of Dyrovepreva {rElec Int+2 SInv}
rElec   +            (no cloak)
rCorr   +            (no gloves)
SInv    +            (no boots)
Will    +++..        S - amulet of reflection Stlth
                     N - ring of Qedio {rF+ Str+3 Int+6 Dex+3}
HPRegen 0.41/turn    F - ring of positive energy
MPRegen 0.14/turn

%: no teleportation, no spellcasting, reflection
@: flying, mesmerised, studying Ranged Weapons
A: high MP 1, forlorn, divine attributes
a: no special abilities


You were in the Dungeon.
You visited 1 branch

Inventory:

Hand Weapons
 B - the +16 obsidian axe (weapon) {drain, demonic, Mesm ^Drain Fly SInv}
   (You found it in the Dungeon)

   Mesm:      Its wielder is mesmerised by any visible foes, and it cannot be
   unequipped while any foes are visible.
   SInv:      It lets you see invisible.
   Fly:       It grants you flight.
   ^Drain:    It drains your maximum health when unequipped.
Armour
 C - the +15 Maxwell's patent armour (worn) {-Cast -Tele rElec Will+ rCorr}
   (You found it in the Dungeon)

   rElec:     It insulates you from electricity.
   Will+:     It increases your willpower.
   -Cast:     It prevents spellcasting.
   -Tele:     It prevents most forms of teleportation.
   rCorr:     It protects you from acid and corrosion.
 D - the +18 shield of the Gong (worn) {Loud rN+ Will+ rCorr EV-5}
   (You found it in the Dungeon)

   Loud:      It is deafeningly noisy when blocking attacks.
   EV-5:      It affects your evasion (-5).
   rN+:       It protects you from negative energy.
   Will+:     It increases your willpower.
   rCorr:     It protects you from acid and corrosion.
 R - the +3 crown of Dyrovepreva (worn) {rElec Int+2 SInv}
   (You found it in the Dungeon)

   Int+2:     It affects your intelligence (+2).
   rElec:     It insulates you from electricity.
   SInv:      It lets you see invisible.
Jewellery
 a - the ring "Dyhirr" {Fly rPois rC- Str+5}
   (You found it in the Dungeon)

   [ring of flight]

   Str+5:     It affects your strength (+5).
   rC-:       It makes you vulnerable to cold.
   rPois:     It protects you from poison.
   Fly:       It grants you flight.
 c - a ring of poison resistance
 u - a ring of flight
 v - a +6 ring of dexterity
 w - a +6 ring of dexterity
 x - a +6 ring of intelligence
 y - a +6 ring of intelligence
 z - a +6 ring of strength
 A - a +6 ring of strength
 E - a ring of protection from cold
 F - a ring of positive energy (right hand)
 G - a ring of protection from fire
 H - a ring of willpower
 I - a ring of protection from fire
 L - an amulet of magic regeneration
 N - the ring of Qedio (left hand) {rF+ Str+3 Int+6 Dex+3}
   (You found it in the Dungeon)

   [ring of intelligence]

   Str+3:     It affects your strength (+3).
   Int+6:     It affects your intelligence (+6).
   Dex+3:     It affects your dexterity (+3).
   rF+:       It protects you from fire.
 O - a ring of see invisible
 P - a +4 ring of slaying
 S - an amulet of reflection (around neck)
Wands
 s - a wand of mindburst (11)
 t - a wand of quicksilver (10)
 K - a wand of paralysis (15)
 M - a wand of flame (14)
 Q - a wand of warping (4)
Scrolls
 b - 8 scrolls of enchant weapon
 j - 4 scrolls of blinking
 o - 4 scrolls of amnesia
 p - 7 scrolls of fog
 q - 5 scrolls of identify
 r - 2 scrolls of fear
 J - 2 scrolls of brand weapon
Potions
 d - 5 potions of might
 e - 10 potions of curing
 f - 9 potions of heal wounds
 g - 6 potions of haste
 h - 7 potions of magic
 i - 2 potions of berserk rage
 k - 2 potions of brilliance
 l - 2 potions of invisibility
 m - 4 potions of resistance
Miscellaneous
 n - a lightning rod (4/4)


   Skills:
 - Level 18.7 Fighting
 - Level 19.2 Axes
 + Level 8.6 Armour
 - Level 3.9 Dodging
 + Level 8.7 Shields


You had 11 spell levels left.
You didn't know any spells.
Your spell library contained the following spells:

 Spells                   Type           Power      Damage    Failure   Level
 Magic Dart               Conj           0%         1d3       88%         1
 Blink                    Tloc           0%         N/A       96%         2
 Call Imp                 Summ           0%         N/A       96%         2
 Lesser Beckoning         Tloc           0%         N/A       96%         2
 Mercury Vapours          Alch/Air       0%         N/A       96%         2
 Searing Ray              Conj           0%         2d4       96%         2
 Sublimation of Blood     Necr           0%         N/A       96%         2
 Fulminant Prism          Conj/Alch      0%         3d5       100%        4
 Passage of Golubria      Tloc           0%         N/A       100%        4
 Petrify                  Alch/Erth      0%         N/A       100%        4
 Vhi's Electric Charge    Tloc/Air       0%         N/A       100%        4
 Irradiate                Conj/Alch      0%         3d11      100%        5
 Malign Gateway           Summ/Tloc      0%         N/A       100%        7
 Summon Horrible Things   Summ           0%         N/A       100%        8


Dungeon Overview and Level Annotations

Branches:
Dungeon (1/1)

Annotations:
D 1 transporter


Innate Abilities, Weirdness & Mutations

You have an increased reservoir of magic. (+10% MP)
You shall have no god before yourself.
Your divine heritage dramatically boosts your attributes as you level up.


Message History

A skeletal warrior comes into view. It is wielding a +0 long sword.
A wight comes into view. It is wielding a +4 spear of freezing.
A shadow, a wight and a skeletal warrior come into view.
Found five items.
Visions of slaying the wight flood into your mind.
You swap places.
Found a transporter.
Visions of slaying the ancient lich flood into your mind.
The ancient lich gestures at you while chanting.
The bolt of acid hits the wight!!!
The acid corrodes the wight!
The wight is destroyed!
The bolt of acid hits you!! You resist.
Unknown command.
Visions of slaying the skeletal warrior flood into your mind.
The laughing skull lets out a vicious peal of laugher.
The bolt of negative energy hits you but does no damage.
You partially resist.
The bolt of negative energy hits your ynoxinul.
Your ynoxinul completely resists.
The lich launches a ball of destructive magic.
Your hellwing swoops through the air toward the wight!
Your hellwing closely misses the wight.
Your hellwing hits the wight but does no damage.
The ancient lich casts a spell at you. The crystal spear hits you!!!
An orb of destruction comes into view.
Visions of slaying the laughing skull flood into your mind.
The laughing skull headbutts you but does no damage.
You block the laughing skull's attack.
SHROANNG!
The shadow slips into darkness.
The shadow flickers and vanishes for a moment.
Unknown command.
Okay, then.
You slash the lich!
The lich is lightly damaged.
You slash the ancient lich! You hit the laughing skull.
Visions of slaying the ancient lich flood into your mind.
The orb of destruction hits you!!!!
Ouch! That really hurt!
You die...

▓.........
▓▓▓▓▓▓▓▓▓▓▓▓▓.▓.....▓.
▓....ß©ß....▓....©....
▓..//./|.|..▓▓▓▓▓▓▓▓▓▓
▓...)|:):...▓...ß©ß...
▓...4Wz.....▓......[..
▓....zzzz...▓.....|...
▓..zzLLz....▓.........
▓....@☼.....▓.........
▓....3......▓.........
▓...........▓.........
▓...........▓.▓.....▓.
▓.....©.....▓....©....
▓▓▓▓▓▓▓▓▓▓▓▓▓▓▓▓▓▓▓▓▓▓
▓...ß©ß...▓...ß©ß...▓.
▓....|))).▓..|...[..▓.
▓..[|.|[..▓.........▓.


You could see an ancient lich (mesmerising), a lich (fast), 3 skeletal warriors,
a shadow (invisible), a laughing skull (ally target), 4 wights, a friendly
hellwing (summoned) and a friendly ynoxinul (summoned).

Vanquished Creatures
  A very ugly thing (D)
  A deep elf demonologist (D)
  A vault guard (D)
  2 dancing weapons (D)
  A deep elf knight (D)
  A glowing orange brain (shapeshifter) (D)
  A swamp dragon (shapeshifter) (D)
  A deep elf archer (D)
  A flayed ghost (D)
  A harpy (shapeshifter) (D)
  3 ugly things (D)
  2 deep elf zephyrmancers (D)
  A faun (shapeshifter) (D)
  A shining eye (shapeshifter) (D)
  An eye of devastation (D)
  A water nymph (shapeshifter) (D)
  A vault sentinel (D)
  A yaktaur (D)
  3 guardian mummies (D)
  A polar bear (shapeshifter) (D)
  A queen bee (shapeshifter) (D)
  A tarantella (D)
  A glass eye (D)
  2 slime creatures (D)
  A basilisk (shapeshifter) (D)
  A golden eye (D)
  A neqoxec (D)
  An ice beast (shapeshifter) (D)
  An orc warrior (D)
  A wolf (D)
  A bullfrog (D)
  A scorpion (D)
  A jelly (D)
  2 orc priests (D)
  An iguana (D)
  2 orc wizards (D)
  2 mummies (D)
  A river rat (D)
  2 ufetubi (D)
  2 orcs (D)
  An endoplasm (D)
  2 jackals (D)
  A giant cockroach simulacrum (D)
56 creatures vanquished.

Vanquished Creatures (collateral kills)
  A very ugly thing (D)
  An ironbound thunderhulk (D)
  A mummy priest (D)
  An ironbound frostheart (D)
  A shock serpent (shapeshifter) (D)
  A deep elf archer (D)
  A deep elf pyromancer (D)
  An ugly thing (D)
  A snapping turtle (shapeshifter) (D)
  A neqoxec (D)
  A jelly (D)
  2 orc priests (D)
  An iron imp (D)
  An orc wizard (D)
  A mummy (D)
  A river rat (D)
  A jackal (D)
18 creatures vanquished.

Vanquished Creatures (others)
  An ugly thing (D)
  A wight (D)
2 creatures vanquished.

Grand Total: 76 creatures vanquished

Notes
Turn   | Place    | Note
-------+----------+-------------------------------------------
     0 | D        | nuthulu the Demigod Fighter began the quest for the Orb.
     0 | D        | Reached XP level 1. HP: 18/18 MP: 3/3
     0 | D        | Found the +6 Majin-Bo {spellvamp, MP+6 Int+6}
     0 | D        | Found the +27 heavy crossbow "Sniper" {heavy, Acc+∞ SInv}
     0 | D        | Found the +10 dark maul {heavy}
     0 | D        | Found the +15 Maxwell's patent armour {-Cast -Tele rElec
                  | Will+ rCorr}
     0 | D        | Found the +18 shield of the Gong {Loud rN+ Will+ rCorr
                  | EV-5}
     0 | D        | Found the +16 obsidian axe {drain, demonic, Mesm ^Drain Fly
                  | SInv}
     0 | D        | Found the +7 great mace "Firestarter" {flame, immolate,
                  | rFlCloud rF++}
     0 | D        | Found the +6 shillelagh "Devastator" {shatter}
     0 | D        | Found the +11 plutonium sword {^Contam Stlth-}
     0 | D        | Found the +8 lance "Wyrmbane" {slay drac, rPois rF+ rC+
                  | AC+3}
     0 | D        | Found the +9 sword of Zonguldrok {reap}
     0 | D        | Found the +13 scythe of Curses {drain, curses, ^Drain}
     0 | D        | Found the +9 sword of Power {lifebolt}
     0 | D        | Found the +7 mace of Variability {chaos, chaos arc}
     0 | D        | Found the +11 Singing Sword {sonic wave}
     0 | D        | Found the +8 storm bow {elec, penet}
     2 | D        | Found a transporter.
    20 | D        | Reached skill level 7 in Axes
    20 | D        | Reached XP level 2. HP: 25/25 MP: 4/4
    51 | D        | Entered arena 2.
    51 | D        | Noticed a scorpion
    51 | D        | Noticed a tarantella
    51 | D        | Found a transporter.
    54 | D        | Killed a tarantella
    54 | D        | Killed a scorpion
    55 | D        | Reached skill level 5 in Fighting
    55 | D        | Reached skill level 5 in Armour
    55 | D        | Reached skill level 5 in Shields
    55 | D        | Reached XP level 3. HP: 36/36 MP: 5/5
    55 | D        | Reached XP level 4. HP: 42/42 MP: 6/6
    55 | D        | Reached XP level 5. HP: 48/48 MP: 7/7
    60 | D        | Entered arena 3.
    60 | D        | Noticed a wolf
    60 | D        | Found a transporter.
    63 | D        | Killed a wolf
    64 | D        | Reached XP level 6. HP: 57/57 MP: 8/8
    71 | D        | Got the ring "Dyhirr" {Fly rPois rC- Str+5}
    75 | D        | Entered arena 4.
    75 | D        | Noticed a flayed ghost
    75 | D        | Found a transporter.
    82 | D        | Reached skill level 8 in Axes
    83 | D        | Killed a flayed ghost
    84 | D        | Reached skill level 10 in Axes
    84 | D        | Reached XP level 7. HP: 48/70 MP: 9/9
   160 | D        | Got the amulet of Pubiwkuu {Spirit Harm rC+ Stlth+}
   172 | D        | Entered arena 5.
   172 | D        | Found a transporter.
   180 | D        | Got Rutzez's Almanac of Disjunct Anemomancy
   187 | D        | Entered arena 6.
   187 | D        | Found a transporter.
   198 | D        | Entered arena 7.
   199 | D        | Found a transporter.
   204 | D        | Reached skill level 11 in Axes
   205 | D        | Reached skill level 10 in Fighting
   205 | D        | Reached XP level 8. HP: 54/79 MP: 6/10
   238 | D        | Entered arena 8.
   238 | D        | Noticed a yaktaur
   238 | D        | Noticed an ironbound frostheart
   238 | D        | Noticed a vault guard
   238 | D        | Noticed a vault sentinel
   238 | D        | Noticed an ironbound thunderhulk
   238 | D        | Noticed a slime creature
   239 | D        | Found a transporter.
   244 | D        | Killed a slime creature
   245 | D        | Killed a yaktaur
   247 | D        | Killed a vault sentinel
   247 | D        | Killed an ironbound frostheart
   248 | D        | Reached skill level 13 in Axes
   248 | D        | Reached XP level 9. HP: 78/91 MP: 11/11
   251 | D        | Killed an ironbound thunderhulk
   252 | D        | Reached skill level 14 in Axes
   252 | D        | Killed a vault guard
   267 | D        | Entered arena 9.
   267 | D        | Noticed an eye of devastation
   271 | D        | Found a transporter.
   278 | D        | Killed an eye of devastation
   279 | D        | Reached skill level 15 in Axes
   279 | D        | Reached XP level 10. HP: 42/104 MP: 13/13
   457 | D        | Entered arena 10.
   457 | D        | Noticed a mummy priest
   458 | D        | Found a transporter.
   473 | D        | Killed a mummy priest
   474 | D        | Reached skill level 15 in Fighting
   774 | D        | Entered arena 11.
   774 | D        | Noticed a +1 short sword of draining
   774 | D        | Noticed a deep elf knight
   774 | D        | Noticed a deep elf archer
   774 | D        | Noticed a deep elf archer
   774 | D        | Noticed a deep elf zephyrmancer
   774 | D        | Noticed a deep elf pyromancer
   774 | D        | Noticed a deep elf demonologist
   774 | D        | Noticed a +0 halberd of flaming
   774 | D        | Noticed a deep elf zephyrmancer
   775 | D        | Noticed a sun demon
   775 | D        | Found a transporter.
   776 | D        | Noticed a lorocyproca
   783 | D        | Killed a deep elf zephyrmancer
   783 | D        | Killed a +1 short sword of draining
   784 | D        | Reached skill level 16 in Axes
   784 | D        | Killed a +0 halberd of flaming
   786 | D        | Killed a deep elf demonologist
   786 | D        | Killed a deep elf pyromancer
   787 | D        | Reached skill level 17 in Axes
   788 | D        | Killed a deep elf knight
   788 | D        | Killed a deep elf zephyrmancer
   789 | D        | Reached XP level 11. HP: 37/116 MP: 14/14
   789 | D        | Killed a deep elf archer
   799 | D        | Killed a deep elf archer
  1018 | D        | Entered arena 12.
  1018 | D        | Noticed a skyshark
  1018 | D        | Noticed a brown very ugly thing
  1018 | D        | Noticed a brown very ugly thing
  1019 | D        | a shapeshifter changed into a harpy
  1019 | D        | Noticed a harpy (shapeshifter)
  1020 | D        | Found a transporter.
  1020 | D        | a manticore changed into a shock serpent
  1020 | D        | Noticed a shock serpent (glowing shapeshifter)
  1020 | D        | a skyshark changed into a moth of wrath
  1020 | D        | a faun changed into a glowing orange brain
  1020 | D        | Noticed a glowing orange brain (glowing shapeshifter)
  1023 | D        | a shock serpent changed into a two-headed ogre
  1023 | D        | Noticed a two-headed ogre (glowing shapeshifter)
  1025 | D        | a two-headed ogre changed into a shock serpent
  1025 | D        | Noticed a shock serpent (glowing shapeshifter)
  1026 | D        | Killed a glowing orange brain
  1027 | D        | Reached skill level 18 in Axes
  1030 | D        | Killed a brown very ugly thing
  1030 | D        | a shock serpent changed into a troll
  1031 | D        | Killed a brown very ugly thing
  1033 | D        | Killed a harpy
  1034 | D        | Reached skill level 19 in Axes
  1040 | D        | Got the ring of Qedio {rF+ Str+3 Int+6 Dex+3}
  1211 | D        | Got Tuntus's Compendium of Reagents
  1218 | D        | Entered arena 13.
  1219 | D        | Found the +3 crown of Dyrovepreva {rElec Int+2 SInv}
  1219 | D        | a black mamba changed into a sun moth
  1219 | D        | Noticed a sun moth (glowing shapeshifter)
  1220 | D        | Found a transporter.
  1222 | D        | a water nymph changed into a glowing orange brain
  1222 | D        | Noticed a glowing orange brain (glowing shapeshifter)
  1224 | D        | a sun moth changed into a basilisk
  1226 | D        | a steam dragon changed into a sea snake
  1226 | D        | Noticed a sea snake (glowing shapeshifter)
  1226 | D        | a glowing orange brain changed into a shock serpent
  1226 | D        | Noticed a shock serpent (glowing shapeshifter)
  1227 | D        | a sea snake changed into a torpor snail
  1227 | D        | Killed a shock serpent
  1231 | D        | a torpor snail changed into a swamp dragon
  1231 | D        | Noticed a swamp dragon (glowing shapeshifter)
  1232 | D        | Killed a swamp dragon
  1233 | D        | Reached XP level 12. HP: 98/128 MP: 15/15
  1313 | D        | Entered arena 14.
  1314 | D        | Noticed an ancient lich
  1314 | D        | Noticed a lich
  1316 | D        | Found a transporter.
  1319 | D        | Blown up by a lich

Illustrated notes

Levels and vault maps discovered:
D:        sprint_v [room_start, room_1, room_2, room_3, room_4, room_5, room_6,
          room_7, room_8, room_9, room_10, room_11, room_12, room_13, room_14,
          room_15, room_16, room_17, room_18, room_19, room_20, room_21,
          room_22, room_23, room_24, room_25, room_26, room_27]

Skill      XL: |  1  2  3  4  5  6  7  8  9 10 11 |
---------------+----------------------------------+-----
Axes           | 7 10 11 13 15 17 19 | 19.2
Fighting       | 5 6 9 10 12 14 16 18 | 18.7
Armour         | 5 6 8 |  8.6
Dodging        | 3 |  3.9
Shields        | 5 6 8 |  8.7

Action                     |  1- 3 |  4- 6 |  7- 9 | 10-12 || total
---------------------------+-------+-------+-------+-------++-------
  Melee: Broad axe         |     3 |     9 |    24 |    45 ||    81
    Use: Potion            |     1 |       |       |     3 ||     4
   Stab: Distracted        |       |       |       |     1 ||     1
 Armour: Plate armour      |     3 |     2 |     7 |    49 ||    61
  Dodge: Dodged            |       |       |     2 |     5 ||     7
  Block: Kite shield       |     3 |     9 |    32 |    80 ||   124

Table legend: (Time is in decaauts)
 A = Elapsed time spent in this place.
 B = Non-inter-level travel time spent in this place.
 C = Inter-level travel time spent in this place.
 D = Time resting spent in this place.
 E = Time spent auto-exploring this place.
 F = Levels seen in this place.
 G = Mean time per level.
                   A        B        C        D        E       F      G
               +--------+--------+--------+--------+--------+-----+--------+
         Total |   1320 |   1320 |      0 |    946 |      0 |   1 | 1320.0 |
       Dungeon |   1320 |   1320 |      0 |    946 |      0 |   1 | 1320.0 |
               +--------+--------+--------+--------+--------+-----+--------+

Top non-repeatable levels by time:
       D: 1320 daAuts
